 Dungeon Crawl Stone Soup version 0.26-a0-661-g406de6ba63 (webtiles) character file.

Game seed: 1683640741499435076

22343 grandjackal the Demonic Catastrophe (level 12, -14/98 HPs)
             Began as a Demonspawn Gladiator on Oct 8, 2020.
             Was an Elder of Qazlal.
             Killed from afar by an orc sorcerer (20 damage)
             ... with a bolt of fire
             ... while paralysed by an orc sorcerer
             ... on level 2 of the Orcish Mines.
             The game lasted 00:22:18 (13303 turns).

grandjackal the Demonic Catastrophe (DsGl)         Turns: 13303, Time: 00:22:18

Health: -14/98     AC:  6    Str: 19    XL:     12   Next: 62%
Magic:  18/20      EV:  2    Int: 12    God:    Qazlal [****..]
Gold:   237        SH:  0    Dex: 15    Spells: 3/11 levels left

rFire    . . .     SeeInvis .   a - +1 long sword
rCold    . . .     Faith    .   (no shield)
rNeg     + . .     Spirit   .   y - +0 troll leather armour
rPois    .         Reflect  .   c - +1 helmet
rElec    .         Harm     .   h - +0 cloak
rCorr    +         Rampage  .   m - +2 pair of gloves
MR       .....                  (boots unavailable)
Stlth    +.........             B - amulet of regeneration
HPRegen  1.06/turn              D - ring of positive energy
MPRegen  0.17/turn              r - ring of resist corrosion

@: paralysed, corroded, lightly drained, repel missiles
A: hooves 3, spiny 2, rot immunity, big brain 1
a: Upheaval, Elemental Force, Renounce Religion


You were on level 2 of the Orcish Mines.
You worshipped Qazlal.
Qazlal was greatly pleased with you.
You visited 3 branches of the dungeon, and saw 15 of its levels.
You also visited: Ossuary and Gauntlet.

You collected 1469 gold pieces.
You spent 1232 gold pieces at shops.

Inventory:

Hand Weapons
 a - a +1 long sword (weapon)
 S - a +1 dagger of draining
Armour
 c - a +1 helmet (worn)
 h - a +0 cloak (worn)
 l - the cursed +1 scale mail "Qorodu" {Regen+}
   (You found it on level 8 of the Dungeon)

   It increases your rate of regeneration.
   It has a curse placed upon it.
 m - a +2 pair of gloves (worn)
 q - a +2 robe of positive energy
 y - a +0 troll leather armour (worn)
 P - a +0 buckler
 V - a +0 scale mail of poison resistance
Jewellery
 d - an uncursed ring of flight {unknown}
 j - a cursed amulet of magic regeneration {unknown}
 r - a ring of resist corrosion (right hand)
 B - an amulet of regeneration (around neck)
 D - a ring of positive energy (left hand)
 K - a +4 ring of protection {unknown}
 M - an uncursed ring of protection from fire {unknown}
 R - an uncursed ring of stealth {unknown}
 T - an uncursed ring of wizardry {unknown}
 U - an uncursed ring of ice {unknown}
 W - an uncursed ring of protection from magic {unknown}
Wands
 A - a wand of digging (12)
 E - a wand of acid (4)
 H - a wand of random effects (31)
 I - a wand of flame (10)
Scrolls
 e - 3 scrolls of fog
 g - 3 scrolls of enchant armour
 i - a scroll of blinking
 k - 3 scrolls of amnesia
 n - 2 scrolls of teleportation
 u - 9 scrolls of remove curse
 w - a scroll of magic mapping
 x - 3 scrolls of enchant weapon
 N - a scroll of silence {unknown}
 O - a scroll of fear {unknown}
Potions
 b - 3 potions of heal wounds
 f - 2 potions of haste
 o - 2 potions of flight
 p - 7 potions of curing
 s - 2 potions of cancellation
 t - 2 potions of berserk rage
 v - 3 potions of mutation
 z - 2 potions of ambrosia
 C - 2 potions of brilliance
 F - a potion of might
 G - 2 potions of stabbing
 J - 3 potions of resistance
 L - 3 potions of magic
 Q - a potion of lignification
 X - 2 potions of experience
 Y - a potion of invisibility


   Skills:
 + Level 10.4(10.1) Fighting
 + Level 9.9(9.5) Long Blades
 - Level 1.7(1.4) Throwing
 + Level 9.8(9.5) Dodging
 + Level 7.6(7.3) Ice Magic
 + Level 11.2(10.9) Invocations


You had 3 spell levels left.
You knew the following spells:

 Your Spells              Type           Power        Failure   Level
a - Frozen Ramparts       Ice            ###...       6%          3
b - Metabolic Englaciati  Hex/Ice        #.........   94%         5

Your spell library contained the following spells:

 Spells                   Type           Power        Failure   Level
 Freeze                   Ice            ###.         1%          1
 Ozocubu's Armour         Ice            ###.....     6%          3
 Animate Skeleton         Necr           #.....       36%         1
 Apportation              Tloc           #.....       36%         1
 Corona                   Hex            #......      36%         1
 Sting                    Tmut/Pois      #...         36%         1
 Summon Small Mammal      Summ           #...         36%         1
 Call Imp                 Summ           #.......     52%         2
 Call Canine Familiar     Summ           #.......     75%         3
 Confusing Touch          Hex            #.......     75%         3
 Gell's Gravitas          Tloc           #.........   75%         3
 Summon Guardian Golem    Hex/Summ       #.......     75%         3
 Hailstorm                Conj/Ice       #.......     65%         4
 Summon Ice Beast         Ice/Summ       #.......     65%         4
 Animate Dead             Necr           #.........   98%         4
 Petrify                  Tmut/Erth      #.......     98%         4
 Summon Lightning Spire   Summ/Air       #.......     98%         4
 Agony                    Necr           #.......     100%        5
 Borgnjor's Vile Clutch   Necr/Erth      #.........   100%        5
 Yara's Violent Unravell  Hex/Tmut       #.........   100%        5


Dungeon Overview and Level Annotations

Branches:
Dungeon (12/15)            Temple (1/1) D:4            Lair (0/6) D:9
    Orc (2/2) D:10            Elf (0/3) Orc:2       Ossuary (visited)
Gauntlet (visited)

Altars:
Ashenzari
Cheibriados
Gozag
Hepliaklqana
Kikubaaqudgha
Makhleb
Nemelex Xobeh
Okawaru
Qazlal
Ru
Sif Muna
Trog
Uskayaw
Wu Jian
Xom
Zin
The Shining One
Beogh

Shops:
D:6 !   D:7 !   D:10 ?

Portals:
Trove: D:11 (give +4 storm dragon scales)


Innate Abilities, Weirdness & Mutations

You have hooves in place of feet.
You are mostly covered in sharp spines.
You are immune to rotting.
You have an unusually large brain. (Int +2)


Message History

The rust devil hits you!
The orc sorcerer hits you but does no damage.
The orc sorcerer gestures at you while chanting.
The bolt of fire hits you!! The ogre mage casts a spell at you.
You resist with significant effort. The rust devil hits you.
The orc sorcerer is struck by your spines.
The orc sorcerer hits you with a +0 dagger.
The orc sorcerer gestures at you while chanting.
The bolt of fire hits you!!!
Ouch! That really hurt!
* * * LOW HITPOINT WARNING * * *
The rust devil is struck by your spines.
The rust devil hits you.
* * * LOW HITPOINT WARNING * * *
The orc sorcerer hits you but does no damage.
The orc sorcerer gestures at you while chanting.
The bolt of fire hits you!!
You die...

..............##
.........#.....# ≈#
._....#.......# §≈§
..............# ≈≈#
.............### ≈≈#
.....#.........## §§##
....#...........##§≈≈#
..........##..##)≈# ≈###
..........##..##@≈##≈≈≈###
#.............§4o.☼§≈≈§§§≈
..................O§.o....
....................§.....
..................§§§...§.
#.................≈§§§≈≈≈§
##........##..##.§##≈≈≈###
##........##..##§§# ≈###
#............. .##§ §#


You could see an ogre mage, a rust devil (summoned) and 2 orc sorcerers.

Vanquished Creatures
  A minotaur (Gauntlet)
  An ettin (Orc:1)
  2 hydras (D:11)
  3 two-headed ogres
  An orc high priest (Orc:1)
  Pikel (D:4)
  2 orc knights (Orc:1)
  An orc sorcerer (Orc:2)
  A deep elf mage (D:12)
  A moth of wrath (Gauntlet)
  A cyclops (D:11)
  A manticore (D:12)
  Joseph (D:8)
  4 orange demons (D:11)
  Maggie (D:8)
  A minotaur zombie (Gauntlet)
  2 guardian mummies (D:11)
  4 trolls
  A red devil (D:11)
  Sigmund (D:2)
  3 flying skulls (Gauntlet)
  4 yaks (D:12)
  A vampire (D:12)
  A basilisk (D:8)
  2 steam dragons
  Menkaure (D:5)
  3 wargs
  A soldier ant (D:12)
  Duvessa (D:4)
  12 orc warriors
  9 sky beasts
  A black bear (D:8)
  6 ice beasts
  An eye of draining (D:11)
  11 ogres
  9 wolves
  A centaur (D:7)
  3 lemures (D:4)
  3 bullfrogs
  A wyvern zombie (D:11)
  Dowan (D:4)
  A scorpion (D:7)
  13 killer bees
  8 wights
  2 howler monkeys (D:11)
  2 electric eels (D:9)
  A centaur zombie (D:7)
  4 human zombies (Ossuary)
  13 orc wizards
  5 centaur skeletons
  16 orc priests
  A jelly (D:7)
  6 hounds
  A bullfrog skeleton (D:12)
  6 worker ants
  A killer bee zombie (D:9)
  3 mummies
  2 howler monkey zombies
  A worker ant zombie (D:5)
  10 adders
  A shadow imp (D:5)
  3 white imps
  An ufetubus (D:9)
  An ooze (D:1)
  2 adder zombies
  2 worms (D:2)
  A dart slug (D:3)
  4 leopard geckos
  75 orcs
  7 bats
  3 giant cockroaches
  4 goblins
  8 hobgoblins
  14 jackals
  6 quokkas
  6 frilled lizards
  A goblin zombie (Ossuary)
  10 hobgoblin zombies
  A jackal zombie (Ossuary)
  3 kobolds
  12 kobold zombies (Ossuary)
  A leopard gecko skeleton (D:6)
  8 orc zombies
  A quokka skeleton (D:9)
  6 rats
  2 rat zombies (Ossuary)
385 creatures vanquished.

Notes
Turn   | Place    | Note
-------+----------+-------------------------------------------
     0 | D:1      | grandjackal the Demonspawn Gladiator began the quest for
                  | the Orb.
     0 | D:1      | Reached XP level 1. HP: 16/16 MP: 1/1
   193 | D:1      | Gained mutation: You have large cloven feet. [demonic
                  | ancestry]
   193 | D:1      | Reached XP level 2. HP: 20/22 MP: 2/2
   696 | D:1      | You fall into a shaft and drop 1 floor!
   753 | D:2      | Reached XP level 3. HP: 24/28 MP: 3/3
  1581 | D:2      | Noticed Sigmund
  1596 | D:2      | HP: 1/28 [Sigmund/+0 scythe (1)]
  1600 | D:2      | Killed Sigmund
  1600 | D:2      | Reached XP level 4. HP: 2/37 MP: 4/4
  1600 | D:2      | Gained mutation: You are partially covered in sharp spines.
                  | [demonic ancestry]
  1600 | D:2      | Reached XP level 5. HP: 2/42 MP: 5/5
  2213 | D:2      | Found a hazy altar of Hepliaklqana.
  2466 | D:3      | Gained mutation: You have an unusually large brain. (Int
                  | +2) [demonic ancestry]
  2466 | D:3      | Reached XP level 6. HP: 36/48 MP: 6/6
  2996 | D:3      | Noticed a sky beast
  3010 | D:3      | Killed a sky beast
  3428 | D:4      | Noticed Pikel
  3639 | D:4      | Noticed a troll
  3648 | D:4      | Killed a troll
  3648 | D:4      | Reached skill level 5 in Fighting
  3648 | D:4      | Reached skill level 5 in Long Blades
  3648 | D:4      | Reached skill level 5 in Dodging
  3648 | D:4      | Reached XP level 7. HP: 29/56 MP: 7/7
  3964 | D:4      | Noticed Duvessa
  3965 | D:4      | Noticed Dowan
  3984 | D:4      | Killed Duvessa
  3992 | D:4      | Killed Dowan
  4026 | D:4      | Found a staircase to the Ecumenical Temple.
  4051 | Temple   | Entered the Ecumenical Temple
  4075 | Temple   | Became a worshipper of Qazlal Stormbringer
  4267 | D:4      | Killed Pikel
  4267 | D:4      | Reached skill level 2 in Invocations
  4267 | D:4      | Gained mutation: You are mostly covered in sharp spines.
                  | [demonic ancestry]
  4267 | D:4      | Reached XP level 8. HP: 28/64 MP: 7/10
  4317 | D:4      | Found a snail-covered altar of Cheibriados.
  4693 | D:5      | Entered Level 5 of the Dungeon
  4710 | D:5      | Reached skill level 3 in Invocations
  4748 | D:5      | Found a sparkling altar of Nemelex Xobeh.
  4748 | D:5      | Found a glowing golden altar of the Shining One.
  4749 | D:5      | Found a hide-covered altar of Uskayaw.
  5116 | D:5      | Learned a level 4 spell: Summon Ice Beast
  5179 | D:5      | Noticed Menkaure
  5182 | D:5      | Killed Menkaure
  5484 | D:6      | Reached skill level 1 in Ice Magic
  5663 | D:6      | Reached skill level 4 in Invocations
  6076 | D:6      | Found Agejojob's Distillery.
  6079 | D:6      | Bought a potion of curing for 30 gold pieces
  6162 | D:7      | Gained mutation: You are immune to rotting. [demonic
                  | ancestry]
  6162 | D:7      | Reached XP level 9. HP: 55/71 MP: 12/12
  6188 | D:7      | Found a glowing silver altar of Zin.
  6385 | D:7      | Found an opulent altar of Gozag.
  6509 | D:7      | Found a shimmering blue altar of Sif Muna.
  6524 | D:7      | Reached * piety under Qazlal
  6616 | D:7      | Found Genkyku's Distillery.
  6677 | D:7      | Bought a potion of degeneration for 12 gold pieces
  6899 | D:8      | Noticed Maggie
  6899 | D:8      | Noticed a two-headed ogre
  6902 | D:8      | Reached skill level 5 in Invocations
  6909 | D:8      | Noticed Joseph
  6910 | D:8      | Killed a two-headed ogre
  6916 | D:8      | Reached skill level 6 in Invocations
  6919 | D:8      | Killed Maggie
  6936 | D:8      | Killed Joseph
  6936 | D:8      | Gained mutation: You have hoof-like feet. [demonic
                  | ancestry]
  6936 | D:8      | Reached XP level 10. HP: 10/80 MP: 14/14
  7020 | D:8      | Got a blackened scale mail
  7021 | D:8      | Identified the cursed +1 scale mail "Qorodu" {Regen+} (You
                  | found it on level 8 of the Dungeon)
  7131 | D:8      | Found a sand-covered staircase.
  7139 | Ossuary  | Entered an ossuary
  7175 | Ossuary  | Reached ** piety under Qazlal
  7516 | D:8      | Reached skill level 7 in Invocations
  7830 | D:9      | Reached *** piety under Qazlal
  8209 | D:9      | Found a staircase to the Lair.
  8304 | D:9      | Found a burning altar of Makhleb.
  8304 | D:9      | Noticed an Executioner
  8463 | D:9      | Identified the Disquisition on Ghastly Intoxication
  8515 | D:9      | Learned a level 5 spell: Metabolic Englaciation
  8582 | D:10     | Entered Level 10 of the Dungeon
  8641 | D:10     | Reached **** piety under Qazlal
  8651 | D:10     | Reached skill level 8 in Invocations
  8675 | D:10     | Found a staircase to the Orcish Mines.
  8689 | D:10     | Found Quismadgh's Magic Scroll Shoppe.
  9004 | D:10     | Reached skill level 5 in Ice Magic
  9236 | D:11     | Learned a level 3 spell: Frozen Ramparts
  9295 | D:11     | Noticed an orange demon
  9302 | D:11     | Killed an orange demon
  9313 | D:11     | Noticed an orange demon
  9314 | D:11     | Noticed an orange demon
  9315 | D:11     | Noticed a six-headed hydra
  9322 | D:11     | Noticed an orange demon
  9391 | D:11     | Killed an orange demon
  9391 | D:11     | Reached XP level 11. HP: 60/87 MP: 17/17
  9492 | D:11     | Killed a seven-headed hydra
  9522 | D:11     | Reached skill level 9 in Invocations
  9568 | D:11     | Found a gate leading to a gauntlet.
  9588 | Gauntlet | Entered a Gauntlet
  9588 | Gauntlet | Found a transporter.
  9588 | Gauntlet | Found a transporter.
  9613 | Gauntlet | Found a transporter.
  9617 | Gauntlet | Found a transporter.
  9628 | Gauntlet | Found a transporter.
  9629 | Gauntlet | Found a transporter.
  9637 | Gauntlet | Noticed a ghost crab
  9638 | Gauntlet | Found a transporter.
  9653 | Gauntlet | Found a transporter.
  9667 | Gauntlet | Found a transporter.
  9671 | Gauntlet | Found a transporter.
  9671 | Gauntlet | Noticed a death scarab
  9679 | Gauntlet | Found a transporter.
  9683 | Gauntlet | Found a transporter.
  9816 | Gauntlet | Noticed an obsidian statue
  9847 | Gauntlet | Noticed a minotaur
  9860 | Gauntlet | Killed a minotaur
 10382 | D:11     | Noticed a two-headed ogre
 10396 | D:11     | Killed a two-headed ogre
 10520 | D:11     | Reached skill level 10 in Invocations
 10713 | D:11     | Noticed an eight-headed hydra
 10728 | D:11     | Killed an eight-headed hydra
 10741 | D:11     | Found a portal to a secret trove of treasure.
 11085 | D:12     | Gained mutation: You have hooves in place of feet. [demonic
                  | ancestry]
 11085 | D:12     | Reached XP level 12. HP: 86/97 MP: 19/19
 11376 | D:12     | Noticed a two-headed ogre
 11392 | D:12     | Killed a two-headed ogre
 11392 | D:12     | Reached skill level 10 in Fighting
 11929 | Orc:1    | Entered Level 1 of the Orcish Mines
 12022 | Orc:1    | Noticed an ettin
 12034 | Orc:1    | Killed an ettin
 12313 | Orc:1    | Noticed an orc high priest
 12319 | Orc:1    | Killed an orc high priest
 12580 | Orc:1    | Reached skill level 11 in Invocations
 12626 | Orc:1    | Found a roughly hewn altar of Beogh.
 12886 | D:6      | Bought 2 potions of experience for 1000 gold pieces
 12886 | D:6      | Bought a potion of cancellation for 80 gold pieces
 12886 | D:6      | Bought a potion of flight for 30 gold pieces
 12886 | D:6      | Bought a potion of invisibility for 80 gold pieces
 13036 | Orc:2    | Entered Level 2 of the Orcish Mines
 13048 | Orc:2    | Found a staircase to the Elven Halls.
 13229 | Orc:2    | Found a roughly hewn altar of Beogh.
 13247 | Orc:2    | Found a bloodstained altar of Trog.
 13296 | Orc:2    | Noticed an ogre mage
 13297 | Orc:2    | Paralysed by an orc sorcerer for 7 turns
 13303 | Orc:2    | Killed from afar by an orc sorcerer

Illustrated notes

Levels and vault maps discovered:
D:1:      dpeg_arrival_radiant, layout_loops_corners
D:2:      cheibrodos_helix_gallery, layout_loops_corners, marbit_many_paths,
          uniq_sigmund
D:3:      layout_basic
D:4:      layout_layer_cave, cheibriados_altar_1,
          minmay_temple_entry_drinking_statues, uniq_duvessa, uniq_pikel
D:5:      layout_gridville, chequers_temple_overflow_statue_of_worship,
          uniq_menkaure
D:6:      layout_loops_ring, serial_shops, nicolae_shop_behind_doors
D:7:      layout_loops_cross, kennysheep_mini, nicolae_gozag_seed_capital,
          zin_treasury, serial_shops, nicolae_shop_window_shopping,
          chequers_serial_rivers_micro_b
D:8:      layout_basic, nicolae_ossuary_entry_giza, uniq_maggie, uniq_joseph
D:9:      layout_loops_ring, makhleb_altar_promises_db, erik_lair_island
D:10:     layout_roguey, hiddenorc1_lemuel, serial_shops,
          nicolae_shop_waterfront
D:11:     layout_basic, gauntlet_entry_generic,
          nicolae_trove_entry_path_of_doom, hangedman_glass_teeth,
          minmay_beelzebubs_servants
D:12:     layout_grid_maze
Temple:   nicolae_temple_god_jail
Orc:1:    layout_caves, minmay_orc_temple_c
Orc:2:    kennysheep_orc_mage_school, layout_diamond_mine, basic_altar,
          serial_shops, shop, bloody_trog

Skill      XL: |  1  2  3  4  5  6  7  8  9 10 11 12 |
---------------+-------------------------------------+-----
Long Blades    | 3 4 5 6 7 8 9 |  9.9
Dodging        | 3 4 5 6 7 8 9 |  9.8
Fighting       | 3 5 6 7 8 9 10 | 10.4
Invocations    | 2 4 6 8 10 11 | 11.2
Ice Magic      | 1 3 5 6 7 |  7.6
Throwing       | |  1.7

Action                   |  1- 3 |  4- 6 |  7- 9 | 10-12 || total
-------------------------+-------+-------+-------+-------++-------
Melee: Long sword        |   102 |    61 |   190 |   602 ||   955
       Kick              |    27 |    22 |    74 |   252 ||   375
       Dagger            |       |       |       |     9 ||     9
Throw: Throwing net      |     2 |     2 |     1 |     3 ||     8
 Cast: Frozen Ramparts   |       |       |       |     3 ||     3
Invok: Upheaval          |       |       |       |     5 ||     5
       Elemental Force   |       |       |       |     1 ||     1
Evoke: Wand              |       |       |     8 |    12 ||    20
  Use: Scroll            |       |     2 |     1 |    22 ||    25
 Stab: Sleeping          |       |     1 |       |       ||     1
       Held in net/web   |       |       |     1 |     1 ||     2
Armor: Leather armour    |    30 |       |       |       ||    30
       Robe              |       |    16 |       |       ||    16
       Troll leather arm |       |       |    40 |   123 ||   163
Dodge: Dodged            |    64 |    49 |   142 |   396 ||   651
       Repelled          |       |       |     1 |     3 ||     4
Block: Other             |       |       |     2 |   138 ||   140
       Rpst.: Long sword |    22 |    13 |    42 |   107 ||   184

Table legend: (Time is in decaauts)
 A = Elapsed time spent in this place.
 B = Non-inter-level travel time spent in this place.
 C = Inter-level travel time spent in this place.
 D = Time resting spent in this place.
 E = Time spent auto-exploring this place.
 F = Levels seen in this place.
 G = Mean time per level.
                   A        B        C        D        E       F      G
               +--------+--------+--------+--------+--------+-----+--------+
         Total |  13357 |  12554 |    803 |   1455 |   7995 |  17 |  785.7 |
       Dungeon |  11496 |  10760 |    736 |   1115 |   7385 |  12 |  958.0 |
        Temple |     36 |     24 |     12 |      0 |      6 |   1 |   36.0 |
  Orcish Mines |   1026 |    971 |     55 |     72 |    593 |   2 |  513.0 |
       Ossuary |    247 |    247 |      0 |      0 |     11 |   1 |  247.0 |
      Gauntlet |    549 |    549 |      0 |    268 |      0 |   1 |  549.0 |
               +--------+--------+--------+--------+--------+-----+--------+

Top non-repeatable levels by time:
     D:2: 1447 daAuts
     D:4: 1333 daAuts
    D:11: 1325 daAuts
     D:3: 969 daAuts
     D:1: 960 daAuts
     D:9: 854 daAuts
     D:7: 853 daAuts
   Orc:1: 821 daAuts
    D:12: 811 daAuts
    D:10: 789 daAuts
     D:5: 774 daAuts
     D:8: 709 daAuts
     D:6: 667 daAuts
Gauntlet: 549 daAuts
 Ossuary: 247 daAuts
